 Dungeon Crawl Stone Soup version 0.18.1-5-g4a78601 (webtiles) character file.

66 Gargoyl the Skirmisher (level 3, -4/29 HPs)
             Began as a Demonspawn Abyssal Knight on May 13, 2016.
             Was a Follower of Lugonu.
             Slain by a gnoll
             ... wielding a +0 flail
              (6 damage)
             ... on level 3 of the Dungeon.
             The game lasted 00:03:53 (1456 turns).

Gargoyl the Skirmisher (Demonspawn Abyssal Knight)  Turns: 1456, Time: 00:03:54

Health: -4/29      AC:  6    Str: 13    XL:     3   Next: 96%
Magic:  4/4        EV:  9    Int: 13    God:    Lugonu [*.....]
Gold:   51         SH:  0    Dex: 12    Spells: 0 memorised, 2 levels left

rFire  . . .     SeeInvis +     g - -1 great sword (curse)
rCold  . . .     Gourm    .     f - +0 scale mail
rNeg   . . .     Faith    .     (shield currently unavailable)
rPois  .         Spirit   .     (no helmet)
rElec  .         Dismiss  .     (no cloak)
rCorr  .         Reflect  .     (no gloves)
SustAt .         Harm     .     (no boots)
MR     .....                    (no amulet)
Stlth  ..........               (no ring)
                                d - ring of see invisible

@: not resistant to hostile enchantments, extremely unstealthy
A: claws 1, spiny 1
a: Depart the Abyss, Renounce Religion


You were on level 3 of the Dungeon.
You worshipped Lugonu.
Lugonu was aware of your devotion.
You were not hungry.

You visited 1 branch of the dungeon, and saw 3 of its levels.
You visited the Abyss 1 time.

You collected 51 gold pieces.

Inventory:

Hand Weapons
 a - a +1 hand axe
 g - a cursed -1 great sword (weapon)
 m - a +0 war axe
Armour
 f - a +0 scale mail (worn)
Jewellery
 d - a ring of see invisible (left claw)
Potions
 b - a potion of flight {unknown}
 e - a potion of agility {unknown}
 h - 2 potions of curing {unknown}
 i - 2 potions of resistance {unknown}
 j - a potion of cure mutation {unknown}
 k - a potion of cancellation {unknown}
Comestibles
 c - 3 bread rations
 l - 3 chunks of flesh


   Skills:
 + Level 3.5 Fighting
 + Level 1.2 Long Blades
 + Level 2.1 Axes
 + Level 2.4 Armour
 + Level 1.5 Dodging
 + Level 2.5 Invocations


You had 2 spell levels left.
You didn't know any spells.

Dungeon Overview and Level Annotations

Branches:
Dungeon (3/15)

Altars:


Innate Abilities, Weirdness & Mutations

You have sharp fingernails.
You are partially covered in sharp spines.


Message History

The worm bites you.
You hit the worm.
The worm is severely wounded.
The gnoll completely misses you. The gnoll hits you with a flail.
Unknown command.
You hit the worm.
The worm is almost dead.
The worm is struck by your spines.
You kill the worm!
Lugonu accepts your kill. The gnoll barely misses you.
Unknown command.
The gnoll is struck by your spines. The gnoll hits you with a flail!
* * * LOW HITPOINT WARNING * * *
Things that are here:
a club; a gnoll corpse You barely miss the gnoll.
The gnoll is heavily wounded.
The gnoll hits you with a flail.
You die...

## #. ..#
#. #.#
##.###.#
....#.#
#.#.#.#
#.#.#.#
#.....####
##...†.<@#
#.†####g#
#..####.#
#....##.#
#.##.##.#
#.. ....#
#.. ..##
#.. #.# #.
.#


You could see a gnoll.

Vanquished Creatures
  3 gnolls
  A worm (D:3)
  A ball python (D:1)
  4 bats (D:1)
  2 giant cockroaches
  2 goblins (D:1)
  3 hobgoblins
  2 jackals (D:1)
  8 kobolds
  2 giant newts
  4 rats
32 creatures vanquished.

Notes
Turn   | Place    | Note
--------------------------------------------------------------
     0 | Abyss:1  | Gargoyl the Demonspawn Abyssal Knight began the quest for the Orb.
     0 | Abyss:1  | Reached XP level 1. HP: 18/18 MP: 2/2
    10 | Abyss:2  | Found a corrupted altar of Lugonu.
    24 | Abyss:2  | Noticed a ynoxinul
    74 | Abyss:3  | Noticed a quasit
    77 | D:1      | Escaped the Abyss
   191 | D:1      | Reached skill level 1 in Dodging
   593 | D:1      | Gained mutation: You have sharp fingernails. [demonic ancestry]
   593 | D:1      | Reached XP level 2. HP: 24/24 MP: 3/3
   658 | D:1      | Reached * piety under Lugonu
  1284 | D:2      | Gained mutation: You are partially covered in sharp spines. [demonic ancestry]
  1284 | D:2      | Reached XP level 3. HP: 21/29 MP: 4/4
  1422 | D:3      | Reached skill level 1 in Long Blades
  1456 | D:3      | Slain by a gnoll

Skill      XL: |  1  2  3 |
---------------+----------+-----
Dodging        | 1 |  1.5
Axes           | 2 |  2.1
Armour         | 2 |  2.4
Long Blades    | 1 |  1.2
Fighting       | |  3.5
Invocations    | |  2.5

Action                   || total
-------------------------++-------
Melee: Great sword       ||   120
Invok: Depart the Abyss  ||     1
  Use: Scroll            ||     1
  Eat: Chunk             ||     2
Armor: Scale mail        ||   100
Dodge: Dodged            ||    98
